Map: Dasan Station LE

Players

EnderWiggin - Winner!

  • Race: Terran Terran

Gracz

  • Race: Protoss Protoss

VOD

Have the link to the VOD?

Description

Time

  • Played on: Oct. 19, 2016, 12:14 p.m.
  • Length: 9:43
Show
View Real Time Build Order
Export as new Build Order

EnderWiggin Terran - Winner!

Build Orders: MMM Bio 

Get SALT Encoding   

  12  0:03  SCV  
  13  0:15  SCV  
  14  0:23  Supply Depot  
  14  0:30  SCV  
  15  0:36  Refinery  
  15  0:45  SCV  
  15  0:48  Barracks  
  17  0:57  SCV  
  17  1:06  Supply Depot  
  17  1:09  Refinery  
  17  1:10  SCV  
  18  1:22  SCV  
  19  1:34  Barracks  
  19  1:37  Orbital Command  
  19  1:49  Barracks  
  19  2:05  Barracks Reactor, SCV  
  20  2:17  SCV  
  21  2:29  Barracks Tech Lab, SCV  
  22  2:41  SCV  
  22  2:42  Unknown, Command Center  
  22  2:43  Barracks Reactor  
  23  2:53  SCV, Marauder  
  23  2:54  Marine x2  
  28  3:05  Combat Shields  
  28  3:09  SCV  
  29  3:22  Refinery  
  29  3:27  Supply Depot, SCV  
  29  3:29  Marine, Refinery  
  31  3:48  Marine x3  
  31  3:49  SCV, Marauder  
  31  3:53  Unknown  
  37  4:00  Engineering Bay  
  37  4:04  SCV  
  37  4:06  Marine  
  37  4:07  Marine x2  
  37  4:08  Marine  
  42  4:13  Supply Depot  
  42  4:22  Factory, SCV  
  42  5:10  Orbital Command  
  42  5:17  SCV  
  43  5:41  Terran Infantry Weapons Level 1  
  33  6:04  Marine x3, Marauder  
  33  6:05  Marine  
  33  6:10  Factory Tech Lab  
  35  6:20  Starport  
  35  6:24  Armory  
  35  6:27  Stimpack  
  35  6:43  Marine  
  35  6:44  Marine x3, Marauder  
  41  6:48  Siege Tank  
  41  6:52  Infernal Pre-Igniter  
  44  7:11  Marine x3, Marauder  
  44  7:12  Marine  
  50  7:32  Marine x3  
  50  7:33  Marine  
  50  7:34  Marauder  
  50  7:35  Terran Infantry Armor Level 1  
  50  7:37  Thor  
  56  7:42  Starport Reactor  
  62  8:05  Supply Depot  
  62  8:11  Mag-Field Accelerator  
  62  8:26  Marine x2, Medivac x2  
  62  8:27  Concussive Shells, SCV x2  
  70  8:28  Supply Depot  
  70  8:42  Marine  
  70  8:43  Marauder  
  70  8:44  Marine  
  70  8:47  Thor  
  70  8:51  Supply Depot  
  66  9:02  Marine x2  
  66  9:03  Marine x2  
  66  9:04  Marauder  
  72  9:13  Supply Depot  
  78  9:36  Supply Depot  
Show
View Real Time Build Order
Export as new Build Order

Gracz Protoss 

Build Orders: Blink Stalkers 

Get SALT Encoding   

  12  0:01  Probe (Chrono Boost)  
  13  0:23  Pylon  
  13  0:28  Probe (Chrono Boost)  
  14  0:32  Assimilator  
  14  0:38  Probe (Chrono Boost)  
  15  0:49  Probe (Chrono Boost)  
  16  0:59  Probe (Chrono Boost)  
  17  1:06  Gateway  
  17  1:14  Gateway  
  17  1:15  Gateway  
  17  1:23  Probe (Chrono Boost)  
  18  1:32  Pylon  
  18  1:33  Probe (Chrono Boost)  
  19  1:44  Assimilator, Probe (Chrono Boost)  
  20  1:55  Probe (Chrono Boost)  
  20  1:57  Pylon  
  21  2:05  Probe (Chrono Boost)  
  22  2:11  Cybernetics Core  
  22  2:17  Forge  
  22  2:40  Gateway  
  22  2:41  Gateway  
  22  2:53  Warp Gate  
  22  2:56  Unknown, Nexus  
  22  3:02  Probe (Chrono Boost)  
  23  3:16  Mothership Core (Chrono Boost)  
  25  3:23  Twilight Council  
  25  3:34  Robotics Facility  
  25  3:41  Protoss Ground Weapons Level 1  
  25  3:56  Blink  
  25  4:01  Robotics Facility  
  25  4:08  Unknown  
  25  5:01  Immortal x2  
  25  5:06  Probe x2 (Chrono Boost)  
  35  5:12  Assimilator, Stalker x2  
  39  5:18  Probe x2 (Chrono Boost)  
  39  5:20  Assimilator  
  37  5:39  Stalker x2  
  37  6:14  Immortal x2  
  37  6:19  Pylon  
  45  6:26  Pylon  
  45  6:31  Pylon  
  46  6:33  Probe (Chrono Boost)  
  46  6:37  Pylon  
  46  6:39  Probe (Chrono Boost)  
  47  6:41  Pylon  
  47  6:42  Gateway  
  47  6:44  Pylon  
  47  6:45  Probe (Chrono Boost)  
  48  6:50  Cybernetics Core  
  48  6:58  Probe x2 (Chrono Boost)  
  50  7:10  Probe (Chrono Boost)  
  49  7:20  Immortal  
  49  7:23  Protoss Ground Armor Level 1  
  49  7:28  Probe x2 (Chrono Boost)  
  55  7:37  Stalker  
  55  7:40  Probe x2 (Chrono Boost)  
  55  7:41  Stalker  
  61  7:48  Stalker  
  63  7:54  Stalker  
  65  7:59  Stalker  
  65  8:05  Probe x2 (Chrono Boost)  
  69  8:09  Stalker  
  71  8:13  Stalker  
  71  8:17  Sentry  
  71  8:19  Sentry  
  77  8:22  Sentry  
  79  8:29  Immortal  
  43  8:57  Stalker x2  
  43  8:58  Stalker x3  
  53  9:17  Photon Cannon  
  53  9:19  Photon Cannon  
  53  9:22  Gateway  
  53  9:25  Robotics Bay  
  53  9:35  Stalker  
  53  9:36  Stalker  
Tags
 
Add a new tag
Caveats
  • Supply blocks, unpowered buildings, or Contaminate may cause inaccurate times.
  • Supply counts are checked every 10 seconds.